 Dungeon Crawl Stone Soup version 0.19-a0-1002-g674d22e (webtiles) character file.

140 epen the Charmwright (level 5, 0/39 HPs)
             Began as a Merfolk Skald on July 18, 2016.
             Slain by a sky beast (2 damage)
             ... on level 3 of the Dungeon.
             The game lasted 00:04:23 (2981 turns).

epen the Charmwright (Merfolk Skald)                Turns: 2981, Time: 00:04:25

Health: 0/39       AC:  3    Str: 12 (13) XL:     5   Next: 23%
Magic:  6/9        EV: 12    Int: 10 (12) God:
Gold:   78         SH:  0    Dex: 13      Spells: 4 memorised, 2 levels left

rFire  . . .     SeeInvis .     a - +0 spear
rCold  . . .     Gourm    .     b - +0 leather armour
rNeg   . . .     Faith    .     (no shield)
rPois  .         Spirit   .     (no helmet)
rElec  .         Dismiss  .     (no cloak)
rCorr  .         Reflect  .     (no gloves)
SustAt .         Harm     .     (no boots)
MR     .....                    (no amulet)
Stlth  +.........               (no ring)
                                (no ring)

@: infused (expiring), not resistant to hostile enchantments, very unstealthy
A: change form in water, swift swim
a: no special abilities


You were on level 3 of the Dungeon.
You were not hungry.

You visited 1 branch of the dungeon, and saw 3 of its levels.

You collected 78 gold pieces.

Inventory:

Hand Weapons
 a - a +0 spear (weapon)
Armour
 b - a +0 leather armour (worn)
Scrolls
 f - a scroll of blinking {unknown}
 g - 2 scrolls of identify {unknown}
 h - 2 scrolls of magic mapping {unknown}
 i - a scroll of random uselessness {unknown}
 m - a scroll of remove curse
Potions
 e - 2 potions of flight
 j - 2 potions of degeneration
 k - a potion of cure mutation {unknown}
Books
 c - a book of Battle

   Spells                             Type                      Level
   a - Infusion                       Charms                       1
   b - Shroud of Golubria             Charms/Translocation         2
   c - Song of Slaying                Charms                       2
   d - Spectral Weapon                Hexes/Charms                 3
   e - Regeneration                   Charms/Necromancy            3
Comestibles
 d - 2 chunks of flesh
 l - 2 fruits


   Skills:
 + Level 2.6 Fighting
 + Level 3.6 Polearms
 + Level 1.3 Armour
 + Level 2.5 Dodging
 * Level 3.1 Spellcasting
 * Level 4.1 Charms


You had 2 spell levels left.
You knew the following spells:

 Your Spells              Type           Power        Failure   Level  Hunger
a - Infusion              Chrm           #...         10%         1    #......
b - Song of Slaying       Chrm           #.......     12%         2    ###....
c - Spectral Weapon       Hex/Chrm       #.......     54%         3    ###....
d - Shroud of Golubria    Chrm/Tloc      #.........   28%         2    ###....


Dungeon Overview and Level Annotations

Branches:
Dungeon (3/15)

Altars:
Pakellas


Message History

Your spectral weapon hits the sky beast.
The sky beast hits you.
* * * LOW HITPOINT WARNING * * *
The sky beast shocks you.
* * * LOW HITPOINT WARNING * * *
You hit the sky beast but do no damage.
The sky beast is almost dead.
Your spectral weapon completely misses the sky beast.
The sky beast hits you but does no damage.
You hit the sky beast.
The sky beast is almost dead.
Your spectral weapon barely misses the sky beast.
The sky beast closely misses you.
Your leather armour prevents you from hitting the sky beast.
The sky beast is almost dead.
Your spectral weapon closely misses the sky beast.
The sky beast flickers out of sight!
Deactivating autopickup; reactivate with Ctrl-A.
Something hits you.
You die...

#.# #.## #... #.##
############ #.#
########..........######.#
#.....##..............##.#
###.....##..............##.#
........''.(@..............##
##.....##.{...............#.
+........................#.
#.....#.#+########.......#.
#.....#........ #.........
#.....#........ ##........
###............ #........
#.......####. #........
#.......# #.####...


You could see a friendly spectral spear.

Vanquished Creatures
  Jessica (D:3)
  4 adders
  An ooze (D:2)
  3 worms (D:2)
  A dart slug (D:1)
  A giant gecko (D:3)
  2 orcs (D:3)
  7 bats
  4 giant cockroaches
  5 goblins
  6 hobgoblins
  8 jackals
  2 quokkas (D:3)
  4 giant newts (D:1)
  4 kobolds
  6 rats
59 creatures vanquished.

Notes
Turn   | Place    | Note
-------+----------+-------------------------------------------
     0 | D:1      | epen the Merfolk Skald began the quest for the Orb.
     0 | D:1      | Reached XP level 1. HP: 16/16 MP: 3/3
    44 | D:1      | Reached XP level 2. HP: 18/22 MP: 5/5
   104 | D:1      | Learned a level 2 spell: Song of Slaying
   927 | D:1      | Reached XP level 3. HP: 28/28 MP: 6/6
   932 | D:1      | Learned a level 3 spell: Spectral Weapon
  1400 | D:2      | Reached skill level 1 in Armour
  1655 | D:2      | Reached XP level 4. HP: 31/34 MP: 7/7
  2001 | D:2      | Reached skill level 4 in Charms
  2010 | D:2      | Learned a level 2 spell: Shroud of Golubria
  2176 | D:3      | Noticed a sky beast
  2528 | D:3      | Found an oddly glowing altar of Pakellas.
  2579 | D:3      | Noticed Jessica
  2605 | D:3      | Killed Jessica
  2605 | D:3      | Reached XP level 5. HP: 18/39 MP: 6/9
  2978 | D:3      | HP: 1/39 [sky beast (6)]
  2981 | D:3      | Slain by a sky beast

Vault maps used:
D:1:      eino_arrival_tree_alley
D:3:      lemuel_statue_altar, uniq_jessica, uniq_crazy_yiuf_cottage

Skill      XL: |  1  2  3  4 |
---------------+-------------+-----
Dodging        | 2 |  2.5
Armour         | 1 |  1.3
Charms         | 4 |  4.1
Spellcasting   | 3 |  3.1
Fighting       | |  2.6
Polearms       | |  3.6

Action                   |  1- 3 |  4- 6 || total
-------------------------+-------+-------++-------
Melee: Spear             |   148 |   160 ||   308
 Cast: Song of Slaying   |     1 |     2 ||     3
       Infusion          |       |     6 ||     6
       Spectral Weapon   |       |     1 ||     1
  Use: Potion            |     3 |       ||     3
       Scroll            |       |     1 ||     1
 Stab: Sleeping          |     1 |       ||     1
  Eat: Bread ration      |     1 |     1 ||     2
       Chunk             |     1 |       ||     1
Armor: Leather armour    |    34 |    22 ||    56
Dodge: Dodged            |    79 |    76 ||   155
